 Dungeon Crawl Stone Soup version 0.28.0 (webtiles) character file.

Game seed: 14628750359479844650

44102 inmateoo the Severer (level 13, -6/119 HPs)
             Began as a Minotaur Fighter on Feb 9, 2022.
             Was the Champion of Okawaru.
             Killed from afar by a storm dragon (45 damage)
             ... with a bolt of lightning
             ... in the Arena.
             The game lasted 00:15:39 (13744 turns).

inmateoo the Severer (Minotaur Fighter)            Turns: 13744, Time: 00:15:40

Health: -6/119     AC: 17    Str: 28    XL:     13   Next: 94%
Magic:  10/17      EV: 12    Int:  7    God:    Okawaru [******]
Gold:   825        SH: 11    Dex: 10    Spells: 12/12 levels left

rFire   . . .      SeeInvis .   G - +10 war axe "Yroacl Pyla" {elec, +Blink rC+ Int+2}
rCold   + + .      Faith    .   t - +0 kite shield
rNeg    + . .      Spirit   .   H - +5 scale mail "Jioriech" {rN+ Str+2 Slay+4}
rPois   .          Reflect  .   (helmet restricted)
rElec   .          Harm     .   u - +2 cloak
rCorr   .          Rampage  .   (no gloves)
Will    .....                   (no boots)
Stlth   ..........              j - amulet of regeneration
HPRegen 1.09/turn               i - ring of protection from cold
MPRegen 0.15/turn               o - +4 ring of slaying

@: invisible, duelling
A: horns 2, retaliatory headbutt
a: Renounce Religion, Evoke Blink, Heroism, Finesse, Duel


You were in the Arena.
You worshipped Okawaru.
Okawaru was exalted by your worship.
You visited 2 branches of the dungeon, and saw 16 of its levels.

You collected 825 gold pieces.

Inventory:

Hand Weapons
 G - the +10 war axe "Yroacl Pyla" (weapon) {elec, +Blink rC+ Int+2}
   (You found it on level 12 of the Dungeon)

   It occasionally discharges a powerful burst of electricity upon striking a
   foe.
   Int:       It affects your intelligence (+2).
   rC:        It protects you from cold.
   +Blink:    It lets you blink.
 K - a +0 vorpal broad axe
 M - a +1 hand axe of flaming
Missiles
 s - 7 throwing nets (quivered)
Armour
 t - a +0 kite shield (worn)
 u - a +2 cloak (worn)
 H - the +5 scale mail "Jioriech" (worn) {rN+ Str+2 Slay+4}
   (You found it on level 11 of the Dungeon)

   Str:       It affects your strength (+2).
   Slay:      It affects your accuracy & damage with ranged weapons and melee
   (+4).
   rN:        It protects you from negative energy.
Jewellery
 b - a ring of positive energy
 i - a ring of protection from cold (left hand)
 j - an amulet of regeneration (around neck)
 o - a +4 ring of slaying (right hand)
 C - a ring of positive energy
Wands
 c - a wand of paralysis (2)
 f - a wand of mindburst (5)
 y - a wand of flame (32)
 B - a wand of acid (6)
 D - a wand of polymorph (18)
 J - a wand of iceblast (5)
Scrolls
 h - a scroll of magic mapping
 m - 3 scrolls of teleportation
 n - 2 scrolls of amnesia
 r - a scroll of fog
 z - 3 scrolls of blinking
 F - a scroll of brand weapon
 L - a scroll of enchant weapon
Potions
 a - a potion of attraction {unknown}
 d - 5 potions of might
 e - 2 potions of lignification
 g - 6 potions of haste
 k - 3 potions of cancellation
 l - a potion of magic
 p - 2 potions of heal wounds
 q - 5 potions of curing
 v - a potion of resistance {unknown}
 w - 5 potions of brilliance {unknown}
 x - 4 potions of mutation {unknown}
 A - a potion of ambrosia
Miscellaneous
 I - a lightning rod (4/4)


   Skills:
 + Level 12.3 Fighting
 * Level 16.6 Axes
 + Level 12.3 Armour
 + Level 9.3 Dodging
 + Level 12.4 Shields
 + Level 7.0 Invocations


You had 12 spell levels left.
You didn't know any spells.
Your spell library contained the following spells:

 Spells                   Type           Power      Damage    Failure   Level
 Sandblast                Erth           0%         2d4       86%         1
 Shock                    Conj/Air       0%         1d3       86%         1
 Ensorcelled Hibernation  Hex/Ice        0%         N/A       95%         2
 Passwall                 Tmut/Erth      0%         N/A       95%         2
 Confusing Touch          Hex            0%         N/A       99%         3
 Portal Projectile        Hex/Tloc       0%         N/A       99%         3
 Spider Form              Tmut/Pois      0%         N/A       99%         3
 Stone Arrow              Conj/Erth      0%         3d7       99%         3
 Swiftness                Air            0%         N/A       99%         3
 Airstrike                Air            0%         N/A       100%        4
 Anguish                  Hex/Necr       0%         N/A       100%        4
 Blade Hands              Tmut           0%         N/A       100%        5
 Borgnjor's Vile Clutch   Necr/Erth      0%         N/A       100%        5
 Excruciating Wounds      Necr           0%         N/A       100%        5
 Yara's Violent Unravell  Hex/Tmut       0%         3d3       100%        5
 Enfeeble                 Hex            0%         N/A       100%        7
 Summon Small Mammal      Summ           Unusable   N/A       N/A         1
 Call Canine Familiar     Summ           Unusable   N/A       N/A         3
 Summon Guardian Golem    Hex/Summ       Unusable   N/A       N/A         3
 Animate Dead             Necr           Unusable   N/A       N/A         4
 Death Channel            Necr           Unusable   N/A       N/A         6

Dungeon Overview and Level Annotations

Branches:
Dungeon (15/15)            Temple (1/1) D:6            Lair (0/6) D:8
    Orc (0/2) D:12         Vaults (0/5) D:13
 Depths: D:15

Altars:
Ashenzari
Cheibriados
Dithmenos
Elyvilon
Fedhas
Gozag
Hepliaklqana
Kikubaaqudgha
Makhleb
Nemelex Xobeh
Okawaru
Qazlal
Ru
Sif Muna
Trog
Uskayaw
Vehumet
Wu Jian
Xom
Yredelemnul
Zin
The Shining One

Shops:
D:9 [

Portals:
Trove: D:15 (give +2 fire dragon scales)

Annotations:
D:9 2 runed translucent doors, Rayvis's ghost, novice MiFi
D:10 1 runed translucent door
D:13 exclusion: oklob plant
D:14 Rupert


Innate Abilities, Weirdness & Mutations

You have a pair of horns on your head.
You reflexively headbutt those who attack you in melee.


Message History

You struggle to resist.
A necromancer comes into view. It is wielding a +0 hand axe.
You slice the necromancer!!
The necromancer is severely wounded.
The necromancer gestures wildly while chanting.
The necromancer binds the souls of nearby monsters.
You open the necromancer like a pillowcase!!!
You kill the necromancer!
Okawaru accepts your kill.
You feel like a meek peon again.
Things that are here:
a +0 dagger; a +0 robe; a human corpse You slash the necromancer!
Lightning courses through the necromancer!
You headbutt the necromancer.
The necromancer is severely wounded.
You block the necromancer's attack.
An orc sorcerer comes into view.
It is wielding a +0 dagger of electrocution and wearing a +2 robe of willpower.
The storm dragon breathes lightning at you.
The bolt of lightning hits you!!
You hear a horrible gurgling sound!
You hear a shout!
Aiming: Duel (34% risk of failure)
Press: ? - help, Dir - move target, f - storm dragon
Aim: a storm dragon (soul bound, catching its breath)
You enter into single combat with the storm dragon!
The world spins around you as you enter the gateway.
You enter Okawaru's Arena!
The spectator shouts! x5
The storm dragon bites you but does no damage.
You block the storm dragon's attack. The storm dragon tramples you.
You stumble backwards!
Found a gate leading back out of this place.
Okay, then.
You fade into invisibility!
The storm dragon bites you! The storm dragon claws you!
The storm dragon tramples you!
You hold your ground!
The storm dragon breathes lightning at you.
The bolt of lightning hits you!!!
You die...
Okawaru crowns the storm dragon victorious!

###############
#.p▓.p▓∩▓p.▓p.#
#▓▓▓▓▓▓▓▓▓▓▓▓▓#
#......@D.....#
#.8....∩....8.#
#.............#
#▓▓▓▓▓▓▓▓▓▓▓▓▓#
#...pp.▓p.p...#
###############


You could see a storm dragon (soul bound, catching breath).

Vanquished Creatures
  A stone giant (D:15)
  A crystal guardian (D:15)
  5 hydras
  A rakshasa (D:15)
  3 boulder beetles
  An ogre mage (D:13)
  Harold (D:7)
  A catoblepas (D:12)
  2 centaur warriors (D:15)
  5 two-headed ogres
  2 tengu warriors
  7 skeletal warriors
  A deep troll (D:15)
  2 wizards
  A necromancer (D:15)
  2 deep elf pyromancers (D:14)
  3 cyclopes
  A manticore (D:11)
  15 ugly things
  Maurice (D:11)
  5 unseen horrors
  2 gargoyles (D:11)
  A torpor snail (shapeshifter) (D:15)
  A tengu conjurer (D:14)
  An efreet (D:11)
  A kobold demonologist (D:9)
  A komodo dragon (D:8)
  2 hornets
  3 meliai (D:14)
  17 slime creatures
  A culicivora (D:12)
  A vampire (D:11)
  A wyvern (D:11)
  A shadow (D:11)
  5 yaks
  2 wraiths (D:11)
  2 basilisks
  4 vampire mosquitoes (D:13)
  2 steam dragons
  A warg (D:12)
  5 acid dragons
  A water moccasin (D:7)
  2 ice beasts
  5 orc warriors (D:12)
  A hornet zombie (D:7)
  A black bear (D:7)
  3 necrophages
  2 ogres (D:5)
  A tengu (shapeshifter) (D:13)
  3 centaurs
  5 phantoms
  3 kobold brigands
  4 gnoll sergeants
  2 scorpions (D:4)
  A water moccasin zombie (D:5)
  2 water moccasin skeletons
  17 wights
  2 electric eels (D:9)
  4 howler monkeys
  5 centaur zombies
  2 bullfrog zombies
  4 hounds
  A jelly (D:7)
  7 orc priests
  A bullfrog skeleton (D:5)
  Crazy Yiuf (D:6)
  A gnoll shaman (D:5)
  Jessica (D:2)
  3 centaur skeletons
  An iguana (D:4)
  6 orc wizards
  A howler monkey zombie (D:9)
  22 gnolls
  2 adders
  2 shadow imps
  3 white imps
  An ufetubus (D:5)
  A worm (D:5)
  2 dart slugs
  21 orcs
  10 ball pythons
  5 bats
  2 endoplasms
  2 giant cockroaches
  6 goblins
  2 hobgoblins (D:1)
  2 jackals (D:3)
  2 quokkas
  3 frilled lizards (D:1)
  17 kobolds
  A rat (D:3)
314 creatures vanquished.

Vanquished Creatures (others)
  15 plants
15 creatures vanquished.

Grand Total: 329 creatures vanquished

Notes
Turn   | Place    | Note
-------+----------+-------------------------------------------
     0 | D:1      | inmateoo the Minotaur Fighter began the quest for the Orb.
     0 | D:1      | Reached XP level 1. HP: 19/19 MP: 0/0
   335 | D:1      | Reached XP level 2. HP: 20/27 MP: 1/1
   455 | D:1      | Reached skill level 3 in Axes
   564 | D:1      | Reached XP level 3. HP: 32/33 MP: 2/2
   691 | D:1      | Found a faded altar of an unknown god.
   986 | D:2      | Noticed Jessica
   993 | D:2      | Killed Jessica
   994 | D:2      | Reached XP level 4. HP: 40/40 MP: 3/3
  1200 | D:3      | Reached skill level 4 in Axes
  1458 | D:3      | Noticed an ice beast
  1466 | D:3      | Killed an ice beast
  1467 | D:3      | Reached XP level 5. HP: 30/47 MP: 4/4
  1861 | D:4      | Reached skill level 5 in Axes
  1972 | D:4      | Reached XP level 6. HP: 11/55 MP: 5/5
  1973 | D:4      | Reached skill level 5 in Armour
  2146 | D:4      | Reached skill level 5 in Fighting
  2146 | D:4      | Reached skill level 5 in Shields
  2237 | D:4      | Identified the +8 hand axe "Leviticus" {vorpal, Will+
                  | Int+4}
  2269 | D:4      | Found the +8 woodcutter's axe {vorpal}
  2294 | D:4      | Reached skill level 6 in Axes
  2305 | D:4      | Reached XP level 7. HP: 44/61 MP: 6/6
  3056 | D:5      | Entered Level 5 of the Dungeon
  3091 | D:5      | Reached skill level 7 in Axes
  3296 | D:5      | Reached XP level 8. HP: 70/70 MP: 7/7
  3563 | D:5      | Reached skill level 8 in Axes
  3648 | D:6      | Found a staircase to the Ecumenical Temple.
  3707 | Temple   | Entered the Ecumenical Temple
  4043 | D:6      | Reached skill level 9 in Axes
  4345 | D:6      | Reached XP level 9. HP: 78/79 MP: 8/8
  4356 | D:6      | Reached skill level 1 in Dodging
  4417 | D:6      | Found a runed translucent door.
  4418 | D:6      | Noticed Crazy Yiuf
  4661 | D:6      | Killed Crazy Yiuf
  4864 | D:7      | Noticed Harold
  5162 | D:7      | Killed Harold
  5163 | D:7      | Reached skill level 10 in Axes
  5232 | D:7      | Identified the +0 ring mail "Qumist" {rC+ Int+4 SInv}
  5868 | D:8      | Reached skill level 11 in Axes
  5878 | D:8      | Reached XP level 10. HP: 85/89 MP: 9/9
  6021 | D:8      | Found a staircase to the Lair.
  6884 | D:8      | Found an iron altar of Okawaru.
  6951 | D:8      | Became a worshipper of Warmaster Okawaru
  7121 | D:9      | Found a transporter.
  7210 | D:9      | Found Ytoxuekk's Antique Armour Emporium.
  7252 | D:9      | Noticed Rayvis's ghost (novice MiFi)
  7253 | D:9      | Found a large runed translucent door.
  7253 | D:9      | Found a large runed translucent door.
  7261 | D:9      | Found a transporter.
  7305 | D:9      | Reached * piety under Okawaru
  7306 | D:9      | Reached skill level 12 in Axes
  7670 | D:10     | Entered Level 10 of the Dungeon
  7719 | D:10     | Found a runed translucent door.
  7876 | D:10     | Reached skill level 5 in Dodging
  7876 | D:10     | Reached skill level 1 in Invocations
  8350 | D:10     | Noticed a fire crab
  8396 | D:11     | Reached ** piety under Okawaru
  8479 | D:11     | Noticed Maurice
  8486 | D:11     | Killed Maurice
  8487 | D:11     | Reached XP level 11. HP: 97/97 MP: 11/11
  8524 | D:11     | You fall into a shaft and drop 2 floors!
  8634 | D:11     | Identified the +5 scale mail "Jioriech" {rN+ Str+2 Slay+4}
  8679 | D:11     | Noticed a boulder beetle
  8693 | D:11     | Killed a boulder beetle
  8819 | D:11     | Noticed a purple ugly thing
  8845 | D:11     | Killed a purple ugly thing
  8845 | D:11     | Reached *** piety under Okawaru
  8881 | D:11     | Noticed a six-headed hydra
  8886 | D:11     | Reached skill level 13 in Axes
  8889 | D:11     | Killed a four-headed hydra
  8889 | D:11     | Reached **** piety under Okawaru
  8894 | D:11     | Identified the +2 glaive "Ihuptei" {holy, *Noise rF+ Int+2}
  8944 | D:11     | Reached skill level 10 in Shields
  8947 | D:11     | Reached skill level 10 in Fighting
  8947 | D:11     | Reached skill level 10 in Armour
  8972 | D:11     | Noticed a two-headed ogre
  8986 | D:11     | Killed a two-headed ogre
  8986 | D:11     | Reached ***** piety under Okawaru
  9740 | D:12     | Noticed Nessos
  9745 | D:12     | Noticed Nessos
  9745 | D:12     | Nessos changed into Nessos the culicivora
  9748 | D:12     | Killed Nessos the culicivora
  9988 | D:12     | Found Kicolol's Weapon Shop.
 10025 | D:12     | Identified the +10 war axe "Yroacl Pyla" {elec, +Blink rC+
                  | Int+2}
 10081 | D:12     | Noticed a two-headed ogre
 10084 | D:12     | Noticed a catoblepas
 10090 | D:12     | Killed a two-headed ogre
 10091 | D:12     | Reached XP level 12. HP: 87/107 MP: 12/14
 10093 | D:12     | Reached skill level 14 in Axes
 10094 | D:12     | Killed a catoblepas
 10228 | D:12     | Found a staircase to the Orcish Mines.
 10473 | D:12     | Noticed a boulder beetle
 10483 | D:12     | Killed a boulder beetle
 10765 | D:13     | Noticed an eight-headed hydra
 10795 | D:13     | Identified the +0 pair of gloves of Uffesum {rF- rC- Int+7}
                  | (Okawaru gifted it to you on level 13 of the Dungeon)
 10795 | D:13     | Received a gift from Okawaru
 10898 | D:13     | Noticed a six-headed hydra
 10908 | D:12     | Killed a two-headed hydra
 10948 | D:13     | Noticed a two-headed ogre
 10949 | D:13     | Found a gate to the Vaults.
 10949 | D:13     | Noticed a two-headed ogre
 10950 | D:13     | Noticed an ogre mage
 10950 | D:13     | Noticed a two-headed ogre
 10957 | D:13     | Killed a two-headed ogre
 10960 | D:13     | Killed a two-headed ogre
 10962 | D:13     | Killed a two-headed ogre
 10962 | D:13     | Reached ****** piety under Okawaru
 10963 | D:13     | Reached skill level 5 in Invocations
 10965 | D:13     | Killed an ogre mage
 11114 | D:13     | Noticed a five-headed hydra
 11122 | D:13     | Killed a one-headed hydra
 11158 | D:13     | Found a blossoming altar of Fedhas.
 11411 | D:13     | Killed a two-headed hydra
 11412 | D:13     | Reached skill level 15 in Axes
 11623 | D:14     | Identified the +0 helmet "Juyniun" {*Slow rElec rF++}
 11756 | D:14     | Noticed a boulder beetle
 11775 | D:14     | Noticed a tengu warrior
 11855 | D:13     | Killed a tengu warrior
 11876 | D:14     | Killed a boulder beetle
 11922 | D:14     | Reached XP level 13. HP: 114/116 MP: 16/16
 11923 | D:14     | Received a gift from Okawaru
 12309 | D:14     | Found a shimmering altar of Xom.
 12582 | D:15     | Entered Level 15 of the Dungeon
 12587 | D:15     | Noticed Rupert
 12595 | D:14     | Received a gift from Okawaru
 12889 | D:15     | Reached skill level 16 in Axes
 12958 | D:15     | Noticed a crystal guardian
 12995 | D:15     | Killed a crystal guardian
 13061 | D:15     | Noticed a storm dragon
 13464 | D:15     | Received a gift from Okawaru
 13563 | D:15     | Found a portal to a secret trove of treasure.
 13719 | D:15     | Noticed a stone giant
 13732 | D:15     | Killed a stone giant
 13742 | Arena    | Entered the Arena
 13744 | Arena    | Killed from afar by a storm dragon

Illustrated notes

Levels and vault maps discovered:
D:1:      lemuel_arrival_rhombus, layout_loops_ring,
          dreamdust_ecumenical_altar_angels_and_demons,
          chequers_serial_rivers_marsh, minmay_pentomino_s4
D:2:      layout_rooms, uniq_jessica
D:3:      cheibrodos_old_hovel, layout_loops_ring
D:4:      layout_cave_pods
D:5:      layout_basic
D:6:      layout_gridville, temple_statues, uniq_crazy_yiuf_cottage
D:7:      layout_cave_pools, uniq_harold
D:8:      layout_basic, lemuel_tele_altar, david_lair_shrubbed
D:9:      gammafunk_steamed_eel, layout_long_grid, serial_shops,
          nicolae_diamond_shop, ebering_ghost_disaster_area
D:10:     gammafunk_mikee_crab_dinner, layout_long_grid
D:11:     kennysheep_windowed_halls, layout_basic, serial_shops, bzr_entry_safe,
          uniq_maurice
D:12:     layout_loops_ring, david_orc_1_choice, serial_shops, shop,
          minivault_5, uniq_nessos
D:13:     layout_roguey, david_vaults_2, minmay_misc_feat_five, tgw_fedhas
D:14:     layout_irregular_city, xom_teletrap_fun
D:15:     hangedman_depths_entry_civil_slaughter, layout_loops_ring,
          enter_trove_3, lemuel_blue_sif_altar, dispersion_dpeg, uniq_rupert,
          uniq_jorgrun
Temple:   kilobyte_greek_temple
Arena

Skill      XL: |  1  2  3  4  5  6  7  8  9 10 11 12 13 |
---------------+----------------------------------------+-----
Axes           | 3 4 5 6 7 9 11 12 13 15 16 | 16.6
Armour         | 4 5 6 7 8 9 10 11 12 | 12.3
Shields        | 4 5 6 7 8 9 10 11 12 | 12.4
Fighting       | 4 5 6 7 8 9 10 11 12 | 12.3
Dodging        | 3 5 6 8 9 |  9.3
Invocations    | 1 4 5 7 |  7.0

Action                   |  1- 3 |  4- 6 |  7- 9 | 10-12 | 13-15 || total
-------------------------+-------+-------+-------+-------+-------++-------
Melee: War axe           |    55 |    69 |   172 |   277 |   144 ||   717
       Headbutt          |    10 |    12 |    32 |    70 |    39 ||   163
       Hand axe          |       |    15 |       |       |       ||    15
       Scimitar          |       |       |       |    19 |     4 ||    23
Invok: Heroism           |       |       |       |       |     1 ||     1
       Duel              |       |       |       |       |     1 ||     1
Evoke: Wand              |       |       |       |     8 |       ||     8
  Use: Scroll            |       |    10 |     5 |     7 |     1 ||    23
       Potion            |       |       |       |       |     1 ||     1
 Stab: Paralysed         |       |       |       |     6 |       ||     6
Armor: Scale mail        |    22 |    48 |    41 |   114 |    33 ||   258
       Chain mail        |       |       |    34 |       |       ||    34
       Swamp dragon scal |       |       |     7 |    38 |       ||    45
Dodge: Dodged            |    36 |    34 |    88 |   153 |    46 ||   357
Block: Buckler           |    15 |    14 |    40 |     1 |       ||    70
       Kite shield       |       |       |       |   154 |    59 ||   213
